 Dungeon Crawl Stone Soup version 0.27-a0-1186-g8b4daa1eef (webtiles) character file.

Game seed: 1371428327254038570

301 wakim the Insei (level 6, 0/42 HPs)
             Began as an Octopode Transmuter on May 19, 2021.
             Was an Initiate of Yredelemnul.
             Slain by a wight
             ... wielding a +5 long sword
              (13 damage)
             ... on level 4 of the Dungeon.
             The game lasted 00:17:24 (5227 turns).

wakim the Insei (Octopode Transmuter)               Turns: 5227, Time: 00:17:24

Health: 0/42       AC:  1    Str: 11    XL:     6   Next: 37%
Magic:  9/9        EV: 13    Int: 16    God:    Yredelemnul [......]
Gold:   205        SH:  0    Dex: 12    Spells: 5/9 levels left

rFire    . . .     SeeInvis .     - Unarmed
rCold    . . .     Faith    .   f - +1 buckler
rNeg     + . .     Spirit   .   (helmet currently unavailable)
rPois    .         Reflect  .   (no amulet)
rElec    .         Harm     .   b - ring of willpower
rCorr    .         Rampage  .   g - ring of positive energy
Will     +....                  (no ring)
Stlth    ++........             (no ring)
HPRegen  0.14/turn              (no ring)
MPRegen  0.11/turn              (no ring)
                                (no ring)
                                (no ring)

@: confused, lethally poisoned (0 -> -5), appendages (expiring), ambrosia-drunk
A: tentacle spike 3, almost no armour, amphibious, 8 rings, camouflage 1,
gelatinous body 1, (nimble swimmer 1), tentacles
a: End Transformation, Renounce Religion


You were on level 4 of the Dungeon.
You worshipped Yredelemnul.
Yredelemnul was noncommittal.
One of your tentacles had grown a beastly spike.
You visited 1 branch of the dungeon, and saw 4 of its levels.
You also visited: Sewer.

You collected 205 gold pieces.

Inventory:

Missiles
 c - 5 atropa-tipped darts
Armour
 f - a +1 buckler (worn)
Jewellery
 b - a ring of willpower (left tentacle)
 g - a ring of positive energy (right tentacle)
Potions
 a - 2 potions of curing {unknown}
 d - a potion of haste {unknown}
 e - 2 potions of heal wounds {unknown}
 h - a potion of might {unknown}
 i - a potion of magic {unknown}
 A - a potion of ambrosia
 B - a potion of attraction {!q}
 D - 2 potions of brilliance


   Skills:
 + Level 3.0 Fighting
 - Level 2.0 Dodging
 * Level 3.2 Shields
 * Level 5.1 Unarmed Combat
 - Level 2.0 Spellcasting
 - Level 2.0 Transmutations


You had 5 spell levels left.
You knew the following spells:

 Your Spells              Type           Power      Damage    Failure   Level
a - Beastly Appendage     Tmut           16%        N/A       10%         1
x - Spider Form           Tmut/Pois      2%         N/A       41%         3

Your spell library contained the following spells:

 Spells                   Type           Power      Damage    Failure   Level
 Wereblood                Tmut           8%         N/A       16%         2
 Ice Form                 Ice/Tmut       4%         N/A       83%         4
 Hydra Form               Tmut           4%         N/A       95%         5


Dungeon Overview and Level Annotations

Branches:
Dungeon (4/15)              Sewer (visited)
 Temple: D:4-7

Altars:
Ashenzari
Yredelemnul


Innate Abilities, Weirdness & Mutations

One of your tentacles has grown a beastly spike.
You cannot wear most types of armour.
You are amphibious.
You can wear up to eight rings at the same time.
Your skin changes colour to match your surroundings (Stealth+).
Your rubbery body absorbs attacks. (AC +1, EV +1)
((You are camouflaged near water. (Stealth+)))
You have tentacles for arms and can constrict up to eight enemies at once.


Message History

A wight comes into view. It is wielding a +5 dire flail.
A scorpion comes into view.
Casting: Beastly Appendage (safe; 10% risk of failure)
Confirm with . or Enter, or press ? or * to list all spells.
One of your tentacles grows a vicious spike.
The wight barely misses you.
You barely miss the wight. Your grab misses the wight.
The wight hits you with a +5 long sword!
You tentacle-slap the wight but do no damage.
Your grab misses the wight.
The wight hits you with a +5 long sword!
Unknown command.
Unknown command.
You aren't carrying any scrolls.
Unknown command.
Okay, then.
You aren't carrying any scrolls.
Unknown command.
You barely miss the scorpion. You grab the scorpion.
Your tentacle spike misses the scorpion.
You constrict the scorpion. The scorpion stings you!
* * * LOW HITPOINT WARNING * * *
You are poisoned.
The scorpion poisons you! The wight barely misses you.
You tentacle-slap the scorpion.
The scorpion is lightly wounded.
You constrict the scorpion.
You feel very sick. The scorpion misses you. You block the wight's attack.
You tentacle-slap the scorpion but do no damage.
The scorpion is moderately wounded.
You constrict the scorpion.
You feel sick. The scorpion misses you.
Unknown command.
You are confused.
You feel invigorated.
Your transformation is almost over.
You constrict the scorpion.
You feel sick.
The wight hits you with a +5 long sword!
You die...
Your body rises from the dead as a mindless zombie.

###.. . ......
##.z..z.. #.z..
... #.#.# #.#
#.#.# #.####.#
#...###.†....#
#########.......#
#....s@zz..##†###
#.#######..##.####
##..†....#
#..#.##.#
#.........
#.#####..## #.# .#
#.# .# #.#####..#


You could see a scorpion and 2 wights.

Vanquished Creatures
  A necrophage (D:3)
  An orc priest (D:3)
  A bullfrog skeleton (D:3)
  An iguana (D:4)
  3 adders
  An adder skeleton (D:4)
  2 worms (D:3)
  A dart slug (D:2)
  5 orcs (D:3)
  6 endoplasms
  A giant cockroach (D:2)
  5 goblins (D:1)
  7 hobgoblins
  13 jackals
  5 quokkas
  12 ball pythons
  5 bats
  6 frilled lizards
  10 kobolds
  4 rats
  A spectral orc (D:3)
91 creatures vanquished.

Vanquished Creatures (others)
  26 plants (Sewer)
26 creatures vanquished.

Grand Total: 117 creatures vanquished

Notes
Turn   | Place    | Note
-------+----------+-------------------------------------------
     0 | D:1      | wakim the Octopode Transmuter began the quest for the Orb.
     0 | D:1      | Reached XP level 1. HP: 13/13 MP: 3/3
   415 | D:1      | Reached XP level 2. HP: 18/18 MP: 3/5
  1466 | D:2      | Reached XP level 3. HP: 23/24 MP: 4/6
  1654 | D:2      | Learned a level 3 spell: Spider Form
  1813 | D:2      | Identified a scroll of acquirement
  1813 | D:2      | Acquired a ring of positive energy
  1844 | D:2      | Found a faded altar of an unknown god.
  2113 | D:3      | Noticed a necrophage
  2140 | D:3      | Killed a necrophage
  2141 | D:3      | Reached skill level 1 in Shields
  2141 | D:3      | Reached skill level 4 in Unarmed Combat
  2141 | D:3      | Reached XP level 4. HP: 6/30 MP: 5/7
  2141 | D:3      | Reached XP level 5. HP: 8/35 MP: 5/8
  2732 | D:3      | Found a glowing drain.
  2757 | Sewer    | Entered a sewer
  4114 | D:3      | Found a broken altar of Ashenzari.
  4419 | D:3      | Reached XP level 6. HP: 37/41 MP: 7/9
  4766 | D:3      | Reached skill level 5 in Unarmed Combat
  5086 | D:3      | Found a basalt altar of Yredelemnul.
  5094 | D:3      | Became a worshipper of Yredelemnul the Dark
  5227 | D:4      | Slain by a wight

Illustrated notes

Levels and vault maps discovered:
D:1:      dpeg_arrival_rooms_with_view, layout_basic, serial_bayou_crossing
D:2:      layout_rooms, shapermc_ecumenical_altar_mp_highgroup
D:3:      layout_basic, lemuel_crystal_altar,
          yredelemnul_forgotten_temple_becter, cheibrodos_sewer_entry_drain
D:4:      layout_loops_ring, tgw_fedhas, kennysheep_slug_shrine,
          nicolae_tso_carved_into_rock, uniq_ijyb

Skill      XL: |  1  2  3  4  5  6 |
---------------+-------------------+-----
Fighting       | 2 3 |  3.0
Shields        | 1 2 3 |  3.2
Unarmed Combat | 4 5 |  5.1
Dodging        | |  2.0
Spellcasting   | |  2.0
Transmutations | |  2.0

Action                   |  1- 3 |  4- 6 || total
-------------------------+-------+-------++-------
Melee: Unarmed           |    80 |   151 ||   231
       Constrict         |    23 |    49 ||    72
       Tentacles         |    17 |    16 ||    33
       Kick              |    14 |    16 ||    30
       Punch             |     2 |     2 ||     4
 Cast: Beastly Appendage |    18 |    20 ||    38
       Spider Form       |       |     2 ||     2
  Use: Scroll            |     9 |     4 ||    13
       Potion            |       |     1 ||     1
 Stab: Sleeping          |     2 |     7 ||     9
Armor: Skin              |     7 |     8 ||    15
Dodge: Dodged            |    44 |    49 ||    93
Block: Buckler           |     3 |    24 ||    27

Table legend: (Time is in decaauts)
 A = Elapsed time spent in this place.
 B = Non-inter-level travel time spent in this place.
 C = Inter-level travel time spent in this place.
 D = Time resting spent in this place.
 E = Time spent auto-exploring this place.
 F = Levels seen in this place.
 G = Mean time per level.
                   A        B        C        D        E       F      G
               +--------+--------+--------+--------+--------+-----+--------+
         Total |   5216 |   5137 |     79 |   1334 |   2780 |   5 | 1043.2 |
       Dungeon |   3917 |   3838 |     79 |    818 |   2300 |   4 |  979.2 |
         Sewer |   1298 |   1298 |      0 |    516 |    480 |   1 | 1298.0 |
               +--------+--------+--------+--------+--------+-----+--------+

Top non-repeatable levels by time:
     D:3: 1741 daAuts
   Sewer: 1298 daAuts
     D:1: 1284 daAuts
     D:2: 775 daAuts
     D:4: 115 daAuts
